 Dungeon Crawl Stone Soup version 0.25.0-11-g1f837a76a1 (webtiles) character file.

Game seed: 15233371311473451755

1310 guizzmo the Slasher (level 8, 52/62 HPs)
             Began as a Demonspawn Fighter on June 25, 2020.
             Was a Believer of Ashenzari.
             Quit the game on level 6 of the Dungeon.
             The game lasted 00:20:36 (6066 turns).

guizzmo the Slasher (Demonspawn Fighter)            Turns: 6066, Time: 00:20:36

Health: 52/62      AC:  7    Str: 20    XL:     8   Next: 32%
Magic:  15/17      EV:  8    Int:  9    God:    Ashenzari [**....]
Gold:   201        SH: 11    Dex: 12    Spells: 7/7 levels left

rFire    . . .     SeeInvis .   a - +1 long sword
rCold    . . .     Gourm    .   c - +1 kite shield (curse)
rNeg     . . .     Faith    .   b - +0 scale mail
rPois    .         Spirit   +   (helmet restricted)
rElec    .         Reflect  .   (no cloak)
rCorr    .         Harm     .   (no gloves)
MR       .....                  (no boots)
Stlth    ..........             (no amulet)
HPRegen  0.20/turn              q - ring of magical power
MPRegen  0.15/turn              (no ring)

@: no status effects
A: antennae 2, spiny 1, magic shield
a: Curse Item, Scrying, Renounce Religion


You were on level 6 of the Dungeon.
You worshipped Ashenzari.
Ashenzari was pleased with you.
You were not hungry.

You visited 1 branch of the dungeon, and saw 6 of its levels.

You collected 201 gold pieces.

Inventory:

Hand Weapons
 a - a +1 long sword (weapon)
 s - a +2 dagger of venom
Armour
 b - a +0 scale mail (worn)
 c - a cursed +1 kite shield (worn)
Jewellery
 q - a ring of magical power (left hand)
Wands
 h - a wand of digging (4)
Scrolls
 e - 5 scrolls of identify
 g - 3 scrolls of amnesia
 k - 4 scrolls of remove curse
 l - 3 scrolls of magic mapping
 o - a scroll of fear {unknown}
 t - a scroll of immolation
 y - a scroll of enchant weapon
Potions
 d - 2 potions of might
 i - a potion of ambrosia {unknown}
 j - 4 potions of heal wounds
 m - 4 potions of curing
 n - a potion of invisibility {unknown}
 p - 2 potions of flight {unknown}
 r - a potion of stabbing {unknown}
 u - 2 potions of berserk rage {unknown}
 v - a potion of magic {unknown}
 w - a potion of resistance {unknown}
 x - a potion of mutation {unknown}
 z - a potion of brilliance {unknown}
Comestibles
 f - 11 rations
 A - a chunk of flesh


   Skills:
 + Level 5.0 Fighting
 * Level 6.1 Long Blades
 + Level 5.1 Armour
 - Level 0.1 Stealth
 + Level 5.0(6.4) Shields


You had 7 spell levels left.
You didn't know any spells.
Your spell library contained the following spells:

 Spells                   Type           Power        Failure   Level  Hunger
 Animate Skeleton         Necr           N/A          97%         1    ##.....
 Apportation              Tloc           #.....       97%         1    ##.....
 Corona                   Hex            #......      97%         1    ##.....
 Summon Small Mammal      Summ           #...         97%         1    ##.....


Dungeon Overview and Level Annotations

Branches:
Dungeon (6/15)             Temple (0/1) D:4

Altars:
Ashenzari
Dithmenos
Gozag

Shops:
D:6 :

Annotations:
D:4 1 runed translucent door, IHuginn's ghost, novice OpAs


Innate Abilities, Weirdness & Mutations

You have a pair of antennae on your head.
You are partially covered in sharp spines.
When hurt, damage is shared between your health and your magic reserves.


Message History

The orc warrior is almost dead.
You block the orc warrior's attack.
You hit the orc warrior but do no damage.
The orc warrior is almost dead.
The orc wizard gestures wildly while chanting.
The orc wizard blinks!
The orc warrior barely misses you.
You hit the orc warrior.
The orc warrior is almost dead.
The orc wizard casts a spell.
The orc wizard blinks!
The orc warrior is struck by your spines.
You kill the orc warrior!
Your Long Blades skill increases to level 6!
Your base Shields skill increases to level 5!
The orc wizard is too close now for your liking.
Saving game... please wait.
Welcome back, guizzmo the Demonspawn Fighter.
Ashenzari says: Partake of my vision.
Partake of my curse.
Press ? for a list of commands and other information.
Are you sure you want to abandon this character and quit the game? (Confirm with "yes".)

##....####### #.....)########
#...#.......###.........#.#..
#..#........##$..#.....#....
#.............#.###.......#.
##....∩...#..........#oo..###
##.......#.#.###.....##{##..##
##.....##.###..##....###.###.#.
#......##..[#...#.....#....#...
###.#.###..<..@.....o.....###..
###...#.#...#................
#...#.##.##..............##
#......####..............##
##...#####.....###.>......#
#...# #........####...#...
##.## #.........###...#... #.#
#..........#....##.. ###
###..##....#....#...


You could see an orc wizard.

Vanquished Creatures
  Pikel (D:4)
  Sigmund (D:5)
  An orc warrior (D:6)
  A slave (D:4)
  A phantom (D:5)
  An ogre (D:4)
  A centaur skeleton (D:5)
  An orc priest (D:3)
  3 orc wizards (D:5)
  2 bullfrog skeletons
  An iguana (D:4)
  3 worker ants
  3 gnolls (D:4)
  6 adders
  2 oozes
  3 adder skeletons
  A worm (D:3)
  3 dart slugs
  7 leopard geckos
  14 orcs
  3 giant cockroaches
  7 goblins
  4 hobgoblins
  10 jackals
  6 kobolds
  3 quokkas
  3 ball pythons
  7 bats
  2 frilled lizards
  A jackal zombie (D:5)
  7 rats
109 creatures vanquished.

Vanquished Creatures (others)
  2 crimson imps (D:5)
  A leopard gecko (D:5)
3 creatures vanquished.

Grand Total: 112 creatures vanquished

Notes
Turn   | Place    | Note
-------+----------+-------------------------------------------
     0 | D:1      | guizzmo the Demonspawn Fighter began the quest for the Orb.
     0 | D:1      | Reached XP level 1. HP: 18/18 MP: 1/1
   148 | D:1      | Gained mutation: When hurt, damage is shared between your
                  | health and your magic reserves. [demonic ancestry]
   148 | D:1      | Reached XP level 2. HP: 24/24 MP: 2/2
   170 | D:1      | Reached skill level 2 in Long Blades
   540 | D:1      | Gained mutation: You have a pair of small antennae on your
                  | head. [demonic ancestry]
   540 | D:1      | Reached XP level 3. HP: 25/29 MP: 3/3
  1650 | D:3      | Reached XP level 4. HP: 32/35 MP: 4/4
  2533 | D:3      | Reached skill level 3 in Long Blades
  2689 | D:3      | Found a faded altar of an unknown god.
  2792 | D:3      | Became a worshipper of Ashenzari the Shackled
  2792 | D:3      | Reached * piety under Ashenzari
  2816 | D:3      | Gained mutation: You are partially covered in sharp spines.
                  | [demonic ancestry]
  2816 | D:3      | Reached XP level 5. HP: 39/41 MP: 5/5
  2817 | D:3      | ?? spiny
  2817 | D:3      | ??spiny
  2900 | D:3      | Found a shadowy altar of Dithmenos.
  3531 | D:4      | Found a staircase to the Ecumenical Temple.
  3655 | D:4      | Noticed an ogre
  3662 | D:4      | Killed an ogre
  3662 | D:4      | Gained mutation: You have a pair of antennae on your head.
                  | [demonic ancestry]
  3662 | D:4      | Reached XP level 6. HP: 28/48 MP: 3/6
  3961 | D:4      | Found a runed translucent door.
  3961 | D:4      | Noticed IHuginn's ghost (novice OpAs)
  4064 | D:4      | Reached ** piety under Ashenzari
  4172 | D:4      | Found an opulent altar of Gozag.
  4432 | D:5      | Entered Level 5 of the Dungeon
  4437 | D:5      | Reached skill level 4 in Long Blades
  4459 | D:5      | Noticed a slave
  4459 | D:5      | Noticed a slave
  4460 | D:5      | Noticed Pikel
  4460 | D:5      | Noticed a slave
  4460 | D:5      | Noticed a slave
  4503 | D:4      | Killed a slave
  4518 | D:4      | Killed Pikel
  4518 | D:4      | Reached skill level 5 in Long Blades
  4518 | D:4      | Reached XP level 7. HP: 8/55 MP: 3/7
  5218 | D:5      | Noticed Sigmund
  5225 | D:5      | Killed Sigmund
  5225 | D:5      | Reached XP level 8. HP: 41/61 MP: 8/8
  5559 | D:5      | Reached skill level 5 in Armour
  5820 | D:6      | Found Yciuduwo's Book Boutique.
  5932 | D:6      | Reached skill level 5 in Fighting
  6062 | D:6      | Reached skill level 6 in Long Blades
  6062 | D:6      | Reached skill level 5 in Shields
  6066 | D:6      | Quit the game

Illustrated notes

***,,**,* #..#####.##.###.
*,***,* #..####.....###. *,*
*,*
####.......###.##.#.....*###.
*,,,....................,...
********##.@.....#.....#**#.
#.##.#####...#####. #.##.#
*#.#...... #.#..# *..##**#.
#.#.## *,.#####. #.#.#
***,,##.... #.#.# *,,,,*#.##.
#.#.# *,*,**#....
*,#.#****,*,* #.##.


Turn 2817 on D:3: ?? spiny

Levels and vault maps discovered:
D:1:      lightli_arrival_maybe_door_vault, layout_loops_cross
D:2:      layout_basic
D:3:      layout_loops_ring, grunt_dithmenos_smoke_and_mirrors,
          chequers_ecumenical_altar_grove, minmay_goblin_kobold_house
D:4:      layout_gridville, temple_pool_b, ebering_ghost_inner_flame,
          minmay_liquid_box, grunt_gozag_statues
D:5:      layout_loops_corners, first_ration, uniq_sigmund, uniq_pikel
D:6:      layout_cave_pools, gammafunk_temple_overflow_claw,
          gammafunk_temple_overflow_pools, serial_shops, shop, minmay_bent

Skill      XL: |  1  2  3  4  5  6  7  8 |
---------------+-------------------------+-----
Long Blades    | 2 3 5 6 |  6.1
Armour         | 3 4 5 |  5.1
Shields        | 3 4 5 |  5.0
Fighting       | 4 5 |  5.0
Stealth        | |  0.1

Action                   |  1- 3 |  4- 6 |  7- 9 || total
-------------------------+-------+-------+-------++-------
Melee: Long sword        |   150 |   169 |    80 ||   399
Invok: Curse Item        |       |     1 |       ||     1
  Use: Scroll            |       |     8 |       ||     8
       Potion            |       |     2 |       ||     2
  Eat: Chunk             |     3 |     9 |     5 ||    17
Armor: Scale mail        |    61 |    37 |    15 ||   113
Dodge: Dodged            |    56 |    49 |    21 ||   126
Block: Kite shield       |    94 |   117 |    49 ||   260
       Rpst.: Long sword |    20 |    17 |     6 ||    43
